 Dungeon Crawl Stone Soup version 0.25.0-11-g1f837a76a1 (webtiles) character file.

Game seed: 16027852083319462716

760 VeryBadPlayer the Magician (level 7, 0/46 HPs)
             Began as a Demonspawn Wizard on June 25, 2020.
             Was a Follower of Vehumet.
             Slain by a wight
             ... wielding a +0 halberd
              (10 damage)
             ... on level 5 of the Dungeon.
             The game lasted 00:14:22 (7078 turns).

VeryBadPlayer the Magician (Demonspawn Wizard)      Turns: 7078, Time: 00:14:23

Health: 0/46       AC:  3    Str:  7    XL:     7   Next: 50%
Magic:  2/16       EV: 12    Int: 21    God:    Vehumet [*.....]
Gold:   179        SH:  0    Dex: 12    Spells: 14/18 levels left

rFire    x . .     SeeInvis .   y - +2 dagger (venom)
rCold    + + .     Gourm    .   (no shield)
rNeg     . . .     Faith    .   a - +0 robe
rPois    .         Spirit   .   b - +0 hat
rElec    .         Reflect  .   q - +0 cloak
rCorr    .         Harm     .   (no gloves)
MR       .....                  (no boots)
Stlth    ++........             (no amulet)
HPRegen  0.15/turn              v - ring of ice
MPRegen  0.15/turn              (no ring)

@: drained
A: antennae 1, cold resistance 1, demonic guardian 1, sturdy frame 1
a: Renounce Religion


You were on level 5 of the Dungeon.
You worshipped Vehumet.
Vehumet was aware of your devotion.
You were very hungry.

You visited 2 branches of the dungeon, and saw 6 of its levels.
You also visited: Ossuary.

You collected 179 gold pieces.

Inventory:

Hand Weapons
 y - a +2 dagger of venom (weapon)
Armour
 a - a +0 robe (worn)
 b - a +0 hat (worn)
 q - a +0 cloak (worn)
Jewellery
 v - a ring of ice (left hand)
Wands
 c - a wand of iceblast (8)
Scrolls
 f - 2 scrolls of amnesia
 g - 3 scrolls of blinking
 h - 4 scrolls of identify
 l - 3 scrolls of enchant armour
 m - 3 scrolls of remove curse
 s - a scroll of fear
 w - a scroll of enchant weapon
 x - a scroll of vulnerability
Potions
 e - 6 potions of heal wounds {unknown}
 j - 3 potions of cancellation {unknown}
 k - 2 potions of lignification {unknown}
 n - 4 potions of curing {unknown}
 o - 9 potions of degeneration {unknown}
 p - 2 potions of flight {unknown}
 r - a potion of mutation {unknown}
 t - a potion of ambrosia {unknown}
 u - a potion of brilliance {unknown}
 z - 2 potions of stabbing {unknown}
 A - 2 potions of might {unknown}
Comestibles
 d - 5 rations


   Skills:
 - Level 1.7(1.2) Dodging
 - Level 1.7(1.2) Stealth
 + Level 6.2(5.5) Spellcasting
 + Level 5.9(5.2) Conjurations
   Level 1.0(0.4) Summonings
   Level 0.8(0.3) Translocations


You had 14 spell levels left.
You knew the following spells:

 Your Spells              Type           Power        Failure   Level  Hunger
a - Magic Dart            Conj           ####         1%          1    None
b - Mephitic Cloud        Conj/Pois/Air  ##......     16%         3    ##.....

Your spell library contained the following spells:

 Spells                   Type           Power        Failure   Level  Hunger
 Sandblast                Erth           #.....       11%         1    None
 Apportation              Tloc           #.....       9%          1    None
 Summon Small Mammal      Summ           #...         9%          1    None
 Animate Skeleton         Necr           N/A          11%         1    None
 Corona                   Hex            #......      11%         1    None
 Pain                     Necr           #...         11%         1    None
 Conjure Flame            Conj/Fire      ###.....     11%         3    ##.....
 Call Imp                 Summ           #.......     13%         2    None
 Blink                    Tloc           N/A          14%         2    None
 Slow                     Hex            #.......     16%         2    None
 Vampiric Draining        Necr           #.........   30%         3    ##.....
 Animate Dead             Necr           N/A          71%         4    ####...
 Agony                    Necr           #.......     96%         5    #####..


Dungeon Overview and Level Annotations

Branches:
Dungeon (5/15)             Temple (1/1) D:4         Ossuary (visited)

Altars:
Cheibriados
Dithmenos
Elyvilon
Kikubaaqudgha
Qazlal
Vehumet
Xom
Zin


Innate Abilities, Weirdness & Mutations

You have a pair of small antennae on your head.
Your flesh is cold resistant. (rC+)
A weak demonic guardian rushes to your aid.
Your movements are slightly less encumbered by armour. (ER -2)


Message History

The wight is severely damaged.
You hit the wight.
The wight is almost destroyed.
The wight closely misses you.
You hit the wight but do no damage.
The wight is almost destroyed.
The wight barely misses you.
You hit the wight.
The wight is almost destroyed.
The wight closely misses you.
You hit the wight.
The wight is almost destroyed.
The wight hits you with a +0 halberd.
* * * LOW HITPOINT WARNING * * *
You feel drained.
* * * LOW HITPOINT WARNING * * *
You closely miss the wight.
The wight is almost destroyed.
The wight hits you with a +0 halberd!
You die...

#...........
#>.........
#........? +........#
+........##
#.........#
#...).)...#
#....z....#
++####...>@....#
...............#
##+#####........##
##.....##........#
+................#
#.............(..#
##.....##........#
#..<..##........#
..........#.........#


You could see a wight.

Vanquished Creatures
  An ogre (D:4)
  3 water moccasin zombies (Ossuary)
  A wight (D:5)
  Crazy Yiuf (D:2)
  An orc wizard (D:4)
  Jessica (D:2)
  2 worker ants
  4 big kobold zombies (Ossuary)
  3 mummies
  Robin (D:2)
  3 adders
  3 gnolls
  2 adder zombies (Ossuary)
  2 worms
  A dart slug (D:2)
  4 leopard geckos
  3 orcs (D:4)
  13 bats
  17 goblins
  8 hobgoblins
  3 jackals (D:1)
  5 kobolds
  2 quokkas (D:4)
  A ball python (D:1)
  5 frilled lizards
  4 gnoll zombies (Ossuary)
  5 hobgoblin zombies
  3 kobold zombies
  6 orc zombies (Ossuary)
  6 rats
114 creatures vanquished.

Vanquished Creatures (collateral kills)
  2 wights (D:5)
2 creatures vanquished.

Grand Total: 116 creatures vanquished

Notes
Turn   | Place    | Note
-------+----------+-------------------------------------------
     0 | D:1      | VeryBadPlayer the Demonspawn Wizard began the quest for the
                  | Orb.
     0 | D:1      | Reached XP level 1. HP: 13/13 MP: 4/4
   347 | D:1      | Gained mutation: You have a pair of small antennae on your
                  | head. [demonic ancestry]
   347 | D:1      | Reached XP level 2. HP: 19/19 MP: 1/6
  1582 | D:2      | Noticed Jessica
  1586 | D:2      | Killed Jessica
  1586 | D:2      | Gained mutation: Your movements are slightly less
                  | encumbered by armour. (ER -2) [demonic ancestry]
  1586 | D:2      | Reached XP level 3. HP: 24/24 MP: 2/8
  2064 | D:2      | Reached XP level 4. HP: 29/30 MP: 2/9
  2068 | D:2      | Noticed Robin
  2369 | D:2      | Killed Robin
  2369 | D:2      | Reached skill level 4 in Spellcasting
  2454 | D:2      | Found a faded altar of an unknown god.
  2606 | D:2      | Found a runed translucent door.
  2607 | D:2      | Noticed Crazy Yiuf
  2694 | D:2      | Learned a level 3 spell: Mephitic Cloud
  3204 | D:2      | Killed Crazy Yiuf
  3245 | D:3      | Gained mutation: Your flesh is cold resistant. (rC+)
                  | [demonic ancestry]
  3245 | D:3      | Reached XP level 5. HP: 35/35 MP: 7/11
  4243 | D:4      | Found a staircase to the Ecumenical Temple.
  4283 | Temple   | Entered the Ecumenical Temple
  4291 | Temple   | Became a worshipper of Vehumet
  4380 | D:4      | Noticed an ogre
  4399 | D:4      | Killed an ogre
  4399 | D:4      | Reached skill level 5 in Spellcasting
  4399 | D:4      | Reached XP level 6. HP: 41/41 MP: 0/13
  4408 | D:4      | Found a sand-covered staircase.
  4414 | Ossuary  | Entered an ossuary
  5159 | Ossuary  | Reached skill level 5 in Conjurations
  5416 | Ossuary  | Gained mutation: A weak demonic guardian rushes to your
                  | aid. [demonic ancestry]
  5416 | Ossuary  | Reached XP level 7. HP: 22/46 MP: 1/15
  5950 | Ossuary  | Reached * piety under Vehumet
  5950 | Ossuary  | Offered knowledge of Sandblast by Vehumet.
  6819 | D:5      | Entered Level 5 of the Dungeon
  6828 | D:5      | Reached skill level 6 in Spellcasting
  7078 | D:5      | Slain by a wight

Illustrated notes

Levels and vault maps discovered:
D:1:      scummos_arrival_hexagon, layout_basic
D:2:      layout_basic, chequers_ecumenical_altar_lobes, uniq_jessica,
          uniq_robin, uniq_crazy_yiuf_cottage
D:3:      layout_rooms, first_ration, due_unseen_surprise
D:4:      layout_loops_ring, temple_pool_b, nicolae_ossuary_entry_giza
D:5:      layout_gridville, kennysheep_generic_room_7
Temple:   grunt_wide_crystal_templ

Skill      XL: |  1  2  3  4  5  6  7 |
---------------+----------------------+-----
Conjurations   | 2 3 4 5 |  5.9
Spellcasting   | 4 5 6 |  6.2
Dodging        | |  1.7
Stealth        | |  1.7
Summonings     | |  1.0
Translocations | |  0.8

Action                   |  1- 3 |  4- 6 |  7- 9 || total
-------------------------+-------+-------+-------++-------
Melee: Unarmed           |    23 |       |       ||    23
       Club              |     1 |    17 |    39 ||    57
       Dagger            |       |       |    13 ||    13
 Cast: Magic Dart        |    82 |   188 |    88 ||   358
       Mephitic Cloud    |       |     6 |     1 ||     7
Evoke: Wand              |       |     5 |       ||     5
  Use: Scroll            |       |     6 |     2 ||     8
  Eat: Chunk             |     3 |     7 |     1 ||    11
       Ration            |       |     1 |     1 ||     2
Armor: Robe              |     8 |    20 |    13 ||    41
Dodge: Dodged            |    49 |    70 |    51 ||   170
